 Dungeon Crawl Stone Soup version 0.20-a0-556-g892c87b (webtiles) character file.

54704 Devintownsend the Impregnable (level 14, -2/133 HPs)
             Began as a Minotaur Fighter on Feb 3, 2017.
             Was the Champion of Okawaru.
             Succumbed to a redback's poison
             ... on level 1 of the Spider Nest on Feb 4, 2017.
             The game lasted 02:01:55 (21258 turns).

Devintownsend the Impregnable (Minotaur Fighter)   Turns: 21258, Time: 02:01:56

Health: -2/133     AC: 34    Str: 31    XL:     14   Next: 35%
Magic:  3/13       EV: 10    Int:  5    God:    Okawaru [******]
Gold:   1035       SH:  0    Dex: 11    Spells: 13/13 levels left

rFire    + . .     SeeInvis .   F - +2 executioner's axe of the Magi {chop, +Rage rC++}
rCold    + . .     Gourm    .   y - +9 plate armour "Ebrass" {Str+2}
rNeg     . . .     Faith    .   (shield currently unavailable)
rPois    +         Spirit   +   (helmet restricted)
rElec    .         Reflect  .   A - +0 cloak {rPois}
rCorr    +         Harm     .   (no gloves)
MR       ++...                  J - +2 pair of boots of the Wheelwright {*Slow rPois rCorr Str+4}
Stlth    ..........             b - amulet of guardian spirit
Regen    0.4/turn               C - ring of protection from magic
                                M - ring of fire

@: lethally poisoned (-2 -> -49)
A: retaliatory headbutt, horns 2
a: Heroism, Finesse, Renounce Religion, Evoke Berserk Rage


You were on level 1 of the Spider Nest.
You worshipped Okawaru.
Okawaru was exalted by your worship.
You were very hungry.

You visited 4 branches of the dungeon, and saw 18 of its levels.
You also visited: Sewer.

You collected 1035 gold pieces.

Inventory:

Hand Weapons
 F - the +2 executioner's axe of the Magi (weapon) {chop, +Rage rC++}
   (Okawaru gifted it to you on level 4 of the Lair of Beasts)

   It inflicts extra damage upon your enemies.
   It greatly protects you from cold.
   It lets you go berserk.
 U - the +2 war axe of Disorder {elec, MR+}
   (Okawaru gifted it to you on level 5 of the Lair of Beasts)

   Occasionally, upon striking a foe, it will discharge some electrical energy
   and cause terrible harm.
   It affects your resistance to hostile enchantments.
 V - the +7 great mace "Uhasit Umely" {crush, rC- rN+ Str+8}
   (You found it on level 5 of the Lair of Beasts)

   It inflicts extra damage upon your enemies.
   It affects your strength (+8).
   It makes you vulnerable to cold.
   It protects you from negative energy.
Armour
 a - a +0 ring mail of cold resistance
 y - the +9 plate armour "Ebrass" (worn) {Str+2}
   (You found it on level 4 of the Dungeon)

   It affects your strength (+2).
 A - a +0 cloak of poison resistance (worn)
 J - the +2 pair of boots of the Wheelwright (worn) {*Slow rPois rCorr Str+4}
   (Okawaru gifted it to you on level 10 of the Dungeon)

   It affects your strength (+4).
   It protects you from poison.
   It protects you from acid and corrosion.
   It may slow you when you take damage.
 Q - the -6 pair of gloves of Refuge {MR+ Str+2 Dex+4}
   (Okawaru gifted it to you on level 2 of the Lair of Beasts)

   It affects your strength (+2).
   It affects your dexterity (+4).
   It affects your resistance to hostile enchantments.
 X - a +0 pair of boots of stealth
Jewellery
 b - an amulet of guardian spirit (around neck)
 e - an uncursed ring of positive energy {unknown}
 m - an uncursed ring of protection from cold
 C - a ring of protection from magic (right hand)
 M - a ring of fire (left hand)
 W - an uncursed ring of flight
Wands
 q - a wand of paralysis (7/24)
 r - a wand of polymorph (5/24)
 v - a wand of lightning (4/15)
 H - a wand of polymorph (22/24)
 I - a wand of acid (10/15)
Scrolls
 i - 3 scrolls of magic mapping
 k - 11 scrolls of identify
 l - 5 scrolls of teleportation
 n - 2 scrolls of remove curse
 t - 9 scrolls of fear
 x - a scroll of recharging
 O - a scroll of enchant weapon
 P - a scroll of enchant armour
Potions
 d - a potion of might
 u - a potion of haste
 w - a potion of berserk rage
 z - a potion of resistance
Comestibles
 f - 7 bread rations
 j - 13 meat rations


   Skills:
 + Level 14.6 Fighting
 - Level 11.0 Axes
 - Level 0.2(6.9) Maces & Flails
 * Level 21.7 Armour
 - Level 2.1 Dodging
 - Level 0.1 Stealth
   Level 4.6 Shields
 + Level 0.1 Evocations


You had 13 spell levels left.
You didn't know any spells.

Dungeon Overview and Level Annotations

Branches:
Dungeon (10/15)            Temple (1/1) D:6            Lair (6/6) D:10
 Shoals (0/4) Lair:2       Spider (1/4) Lair:2        Slime (0/5) Lair:5
    Orc (0/2) D:10

Altars:
Ashenzari
Cheibriados
Dithmenos
Elyvilon
Fedhas
Gozag
Hepliaklqana
Kikubaaqudgha
Makhleb
Nemelex Xobeh
Okawaru
Qazlal
Ru
Sif Muna
Trog
Uskayaw
Vehumet
Xom
Yredelemnul
Zin
The Shining One


Innate Abilities, Weirdness & Mutations

You reflexively headbutt those who attack you in melee.
You have a pair of horns on your head.


Message History

Your surroundings suddenly seem different.
* * * LOW HITPOINT WARNING * * *
You feel very sick.
Okay, then.
Save game and exit?
Welcome back, Devintownsend the Minotaur Fighter.
Okawaru says: Bring me glory in combat!
Press ? for a list of commands and other information.
You are feeling very hungry.
* * * LOW HITPOINT WARNING * * *
You feel very sick.
* * * LOW HITPOINT WARNING * * *
You feel very sick.
The wolf spider hisses angrily.
The wolf spider hits you.
* * * LOW HITPOINT WARNING * * *
The wolf spider bites you.
You slice the wolf spider!!
The wolf spider is almost dead.
You die...

...^ .###≈≈......#
....##. ....#.....#≈####
....^≈####..##........†≈#
.........#.##....†....%<#
#≈......≈≈≈#.....%....†##
.s#....##.^............#
..#....s....#≈..^.######
..##.........##s....##
#..##s.#^.....#>@....#
#≈##s##≈......##....##
.†.sss#...#..##≈..≈.#
....s.≈...##..#######
≈...###....#..≈#
≈#...###...##≈##
.≈≈.#≈#......≈#
..≈≈##≈#....≈≈#
#######≈...#≈##


You could see a wolf spider.

Vanquished Creatures
  6 dire elephants (Lair:6)
  A fire dragon (Lair:1)
  5 hydras
  6 death yaks
  An anaconda (Lair:6)
  3 two-headed ogres
  Pikel (D:9)
  A wolf spider (Spider:1)
  An oklob plant (Lair:6)
  A merfolk siren (Lair:2)
  4 elephants (Lair:6)
  A torpor snail (Lair:3)
  7 black mambas
  5 centaur zombies
  11 spiny frogs
  A demonic crawler (Spider:1)
  A rime drake (Lair:5)
  11 komodo dragons
  2 hellwings (D:7)
  3 merfolk (Lair:2)
  A troll (D:9)
  3 polar bears
  3 jumping spiders
  20 blink frogs
  7 dream sheep
  A meliai zombie (D:7)
  5 hippogriffs
  6 redbacks (Spider:1)
  2 wraiths
  3 tarantellas (Spider:1)
  4 wyverns
  18 yaks
  A hungry ghost (D:8)
  4 basilisks
  Duvessa (D:4)
  A soldier ant (D:10)
  5 porcupines
  12 water moccasins
  2 slaves (D:9)
  A black bear (Lair:1)
  2 sky beasts
  25 ice beasts
  3 orc warriors
  3 phantoms
  6 ogres
  10 wolves (Lair:5)
  A centaur (D:8)
  14 crocodiles
  2 big kobolds
  13 bullfrogs
  Dowan (D:4)
  5 scorpions
  A troll zombie (D:10)
  8 electric eels
  4 howler monkeys
  2 bullfrog zombies
  2 quasits
  A gnoll shaman (D:5)
  4 centaur skeletons (D:7)
  6 hounds
  2 jellies
  4 orc priests
  7 orc wizards
  A bullfrog skeleton (D:7)
  5 iguanas
  6 hell rats
  4 worker ants
  7 ogre zombies (D:10)
  A hound zombie (D:5)
  A hound skeleton (D:4)
  Robin (D:4)
  9 gnolls
  A howler monkey skeleton (D:9)
  2 worker ant zombies
  15 adders
  2 river rats (Sewer)
  4 shadow imps
  An ooze (D:4)
  An adder skeleton (D:4)
  An adder zombie (D:7)
  A worm (D:2)
  A dart slug (D:2)
  6 leopard geckos
  21 orcs
  8 ball pythons
  13 giant cockroaches
  10 goblins
  20 hobgoblins
  10 jackals
  21 kobolds
  6 quokkas
  6 bats
  11 frilled lizards
  A giant cockroach zombie (D:6)
  A goblin skeleton (D:10)
  A goblin zombie (D:10)
  3 hobgoblin skeletons (D:10)
  2 hobgoblin zombies (D:10)
  A leopard gecko skeleton (D:8)
  4 orc skeletons (D:10)
  14 orc zombies (D:10)
  8 rats
  7 fungi
  13 plants
549 creatures vanquished.

Vanquished Creatures (others)
  A slave (D:9)
  A centaur (D:9)
  A bullfrog (D:9)
  A bush (Lair:6)
  10 fungi
  12 plants
26 creatures vanquished.

Grand Total: 575 creatures vanquished

Notes
Turn   | Place    | Note
-------+----------+-------------------------------------------
     0 | D:1      | Devintownsend the Minotaur Fighter began the quest for the Orb.
     0 | D:1      | Reached XP level 1. HP: 19/19 MP: 0/0
    65 | D:1      | Reached XP level 2. HP: 15/27 MP: 1/1
   163 | D:1      | Reached skill level 4 in Armour
   794 | D:2      | Reached XP level 3. HP: 32/33 MP: 2/2
  1248 | D:2      | Reached XP level 4. HP: 33/40 MP: 3/3
  1356 | D:2      | Found an opulent altar of Gozag.
  1721 | D:3      | Reached skill level 1 in Dodging
  2151 | D:3      | Reached XP level 5. HP: 47/47 MP: 4/4
  2208 | D:3      | Found a glowing silver altar of Zin.
  2794 | D:4      | Noticed Robin
  2828 | D:4      | Killed Robin
  2958 | D:4      | Got an ancient plate armour
  2970 | D:4      | Identified the +9 plate armour "Ebrass" {Str+2} (You found it on level 4 of the Dungeon)
  3000 | D:4      | Noticed an ogre
  3005 | D:4      | Killed an ogre
  3005 | D:4      | Reached skill level 5 in Armour
  3005 | D:4      | Reached XP level 6. HP: 55/55 MP: 5/5
  3072 | D:4      | Found a radiant altar of Vehumet.
  3189 | D:4      | Reached skill level 6 in Armour
  3382 | D:4      | Noticed Duvessa
  3384 | D:4      | Noticed Dowan
  3395 | D:4      | Killed Duvessa
  3395 | D:4      | Reached skill level 7 in Armour
  3395 | D:4      | Reached XP level 7. HP: 47/60 MP: 6/6
  3404 | D:4      | Killed Dowan
  3532 | D:5      | Entered Level 5 of the Dungeon
  3813 | D:5      | Reached skill level 8 in Armour
  4047 | D:5      | Reached skill level 9 in Armour
  4232 | D:5      | Reached XP level 8. HP: 63/67 MP: 7/7
  4342 | D:6      | Reached skill level 10 in Armour
  4556 | D:6      | Found a glowing drain.
  4593 | Sewer    | Entered a sewer
  5193 | D:6      | Found a sacrificial altar of Ru.
  5203 | D:6      | Reached skill level 11 in Armour
  5404 | D:6      | Found a staircase to the Ecumenical Temple.
  5477 | D:6      | Reached skill level 12 in Armour
  5565 | Temple   | Entered the Ecumenical Temple
  5575 | Temple   | Became a worshipper of Warmaster Okawaru
  5947 | D:7      | Noticed a hellwing
  5950 | D:7      | Reached XP level 9. HP: 72/73 MP: 8/8
  5976 | D:7      | HP: 1/73 [hellwing (9)]
  5988 | D:7      | Reached skill level 13 in Armour
  5990 | D:7      | Reached * piety under Okawaru
  6550 | D:7      | Killed a hellwing
  6550 | D:7      | Reached skill level 5 in Axes
  6667 | D:7      | Reached skill level 14 in Armour
  6734 | D:7      | Reached ** piety under Okawaru
  6813 | D:7      | Reached XP level 10. HP: 79/80 MP: 7/9
  6969 | D:7      | Reached skill level 10 in Axes
  7131 | D:7      | Gained mutation: Your spells are a little easier to cast, but a little less powerful. [potion of mutation]
  7131 | D:7      | Gained mutation: You have supernaturally acute eyesight. (SInv) [potion of mutation]
  7131 | D:7      | Gained mutation: Your muscles are strong. (Str +2) [potion of mutation]
  7242 | D:8      | Noticed a two-headed ogre
  7251 | D:8      | Killed a two-headed ogre
  7251 | D:8      | Reached *** piety under Okawaru
  7504 | D:7      | Reached skill level 5 in Fighting
  7827 | D:8      | Paralysed by fainting for 7 turns
  8082 | D:9      | Noticed Pikel
  8084 | D:9      | Reached **** piety under Okawaru
  8103 | D:9      | Killed Pikel
  8103 | D:9      | Reached skill level 15 in Armour
  8171 | D:9      | Noticed a two-headed ogre
  8193 | D:9      | Killed a two-headed ogre
  8193 | D:9      | Reached XP level 11. HP: 63/89 MP: 7/10
  8368 | D:9      | Reached ***** piety under Okawaru
  8374 | D:9      | Found an ancient bone altar of Kikubaaqudgha.
  8575 | D:9      | Noticed a two-headed ogre
  8582 | D:9      | Killed a two-headed ogre
  8664 | D:10     | Entered Level 10 of the Dungeon
  8877 | D:10     | Reached skill level 16 in Armour
  8878 | D:10     | Received a gift from Okawaru
  8882 | D:10     | Got a pair of polished boots {god gift}
  8900 | D:10     | Found a staircase to the Orcish Mines.
  8941 | D:10     | Identified the +2 pair of boots of the Wheelwright {*Slow rPois rCorr Str+4} (Okawaru gifted it to you on level 10 of the Dungeon)
  9541 | D:10     | Found a staircase to the Lair.
  9951 | Lair:1   | Entered Level 1 of the Lair of Beasts
 10357 | Lair:1   | Reached skill level 17 in Armour
 10520 | Lair:1   | Reached skill level 10 in Fighting
 10522 | Lair:1   | Noticed a fire dragon
 10807 | Lair:2   | Noticed a seven-headed hydra
 10825 | Lair:2   | Killed a seven-headed hydra
 10825 | Lair:2   | Received a gift from Okawaru
 10825 | Lair:2   | Reached XP level 12. HP: 36/106 MP: 3/11
 10828 | Lair:2   | Got a pair of translucent gloves {god gift}
 10834 | Lair:2   | Identified the -6 pair of gloves of Refuge {MR+ Str+2 Dex+4} (Okawaru gifted it to you on level 2 of the Lair of Beasts)
 11107 | Lair:2   | Found a staircase to the Shoals.
 11462 | Lair:2   | Found a hole to the Spider Nest.
 11717 | Lair:2   | Reached skill level 18 in Armour
 11969 | Lair:2   | Noticed a four-headed hydra
 11981 | Lair:2   | Killed a four-headed hydra
 12084 | Lair:2   | Noticed an eight-headed hydra
 12085 | Lair:2   | Noticed a death yak
 12085 | Lair:2   | an eight-headed hydra changed into a death yak
 12106 | Lair:2   | Killed a death yak
 12896 | Lair:3   | Noticed a seven-headed hydra
 12909 | Lair:3   | Killed a seven-headed hydra
 13597 | Lair:4   | Reached ****** piety under Okawaru
 13639 | Lair:4   | Reached skill level 19 in Armour
 14204 | Lair:4   | Noticed a four-headed hydra
 14216 | Lair:4   | Killed a six-headed hydra
 14455 | Lair:4   | Upgraded the game from 0.20-a0-555-gf6ae02d to 0.20-a0-556-g892c87b
 14474 | Lair:4   | Reached XP level 13. HP: 113/118 MP: 12/12
 14758 | Lair:4   | Received a gift from Okawaru
 14761 | Lair:4   | Got a slimy executioner's axe {god gift}
 14769 | Lair:4   | Identified the +2 executioner's axe of the Magi {chop, +Rage rC++} (Okawaru gifted it to you on level 4 of the Lair of Beasts)
 15004 | Lair:5   | Found a frozen archway.
 15954 | Lair:5   | Found a staircase to the Slime Pits.
 16135 | Lair:5   | Reached skill level 20 in Armour
 16824 | Lair:5   | Received a gift from Okawaru
 16831 | Lair:5   | Got a bloodstained war axe {god gift}
 16833 | Lair:5   | Identified the +2 war axe of Disorder {elec, MR+} (Okawaru gifted it to you on level 5 of the Lair of Beasts)
 16857 | Lair:5   | Got a pitted great mace
 16883 | Lair:6   | Entered Level 6 of the Lair of Beasts
 16978 | Lair:5   | Identified the +7 great mace "Uhasit Umely" {crush, rC- rN+ Str+8} (You found it on level 5 of the Lair of Beasts)
 18078 | Lair:6   | Received a gift from Okawaru
 18636 | Lair:6   | Reached skill level 21 in Armour
 18646 | Lair:6   | Noticed a dire elephant
 18646 | Lair:6   | Noticed a dire elephant
 18666 | Lair:6   | Noticed a dire elephant
 18674 | Lair:6   | Killed a dire elephant
 18683 | Lair:6   | Noticed a dire elephant
 19073 | Lair:6   | Noticed a dire elephant
 19080 | Lair:6   | Killed a dire elephant
 19086 | Lair:6   | Killed a dire elephant
 19086 | Lair:6   | Reached XP level 14. HP: 54/130 MP: 5/13
 20663 | Lair:2   | Lost mutation: You have supernaturally acute eyesight. (SInv) [potion of cure mutation]
 20663 | Lair:2   | Lost mutation: Your spells are a little easier to cast, but a little less powerful. [potion of cure mutation]
 20663 | Lair:2   | Lost mutation: Your muscles are strong. (Str +2) [potion of cure mutation]
 21062 | Spider:1 | Entered Level 1 of the Spider Nest
 21126 | Spider:1 | Received a gift from Okawaru
 21257 | Spider:1 | HP: 5/133 [poisoned by a redback]
 21258 | Spider:1 | Succumbed to a redback's poison

Vault maps used:
D:1:      shiori_arrival_maze, feat_on_display
D:2:      nicolae_gozag_cash_rules_everything_around_me, first_bread
D:3:      zin_scriptorium
D:4:      minmay_door_path, old_standard_altar, uniq_duvessa, uniq_robin
D:6:      nicolae_ru_great_annihilating_truth, minmay_temple_entry_poolview,
          gup_sewer_entry_pipe
D:7:      cheibrodos_grave_circle
D:9:      kiku_gazebo_garden_becter, uniq_pikel
D:10:     minmay_twisted_water, lair_entry_dummy, zombieorc2_lemuel
Temple:   eino_temple_rhombus
Lair:1:   dragon1_lemuel, grunt_megastairs_4
Lair:2:   elwin_shoals_entry_stream, spider_nest_entry_a
Lair:3:   serial_bayou_shore_a, grunt_megastairs_3
Lair:5:   dpeg_slime_entry_corner, portal_ice_cave_entry_ice_beasts
Lair:6:   due_jungle_book
Spider:1: uniq_azrael, uniq_nikola
Sewer:    sewer_co_cracked_pipes

Skill      XL: |  1  2  3  4  5  6  7  8  9 10 11 12 13 14 |
---------------+-------------------------------------------+-----
Fighting       | 4 6 10 12 13 14 | 14.6
Armour         | 4 5 7 9 12 14 15 17 19 21 | 21.7
Shields        | 4 |  4.6
Axes           | 3 4 8 11 | 11.0
Dodging        | 1 2 |  2.1
Maces & Flails | |  0.2
Stealth        | |  0.1
Evocations     | |  0.1

Action                   |  1- 3 |  4- 6 |  7- 9 | 10-12 | 13-15 || total
-------------------------+-------+-------+-------+-------+-------++-------
Melee: War axe           |    72 |   157 |   383 |   744 |    18 ||  1374
       Headbutt          |    11 |    17 |    77 |   222 |   122 ||   449
       Mace              |       |       |       |    36 |     8 ||    44
       Executioner's axe |       |       |       |       |   372 ||   372
       Great mace        |       |       |       |       |    56 ||    56
Evoke: Wand              |       |       |       |     1 |     1 ||     2
  Use: Scroll            |       |     1 |     3 |    12 |     6 ||    22
       Potion            |       |       |     5 |    13 |     7 ||    25
 Stab: Distracted        |       |     1 |       |       |       ||     1
       Paralysed         |       |       |     1 |       |       ||     1
  Eat: Chunk             |     1 |     7 |    12 |    23 |    14 ||    57
       Bread ration      |       |       |       |     1 |     2 ||     3
Armor: Scale mail        |    33 |    40 |       |       |       ||    73
       Plate armour      |       |    21 |   361 |   591 |   606 ||  1579
Dodge: Dodged            |    30 |    56 |   134 |   199 |   348 ||   767
Block: Shield            |    44 |    92 |   284 |   481 |     8 ||   909
